 Dungeon Crawl Stone Soup version 0.30.0-5-g1a98f26d00 (webtiles) character file.

Game seed: 1438200266796035575

144711 jasper the Brawler (level 16, -12/145 (169) HPs)
             Began as a Troll Fighter on May 8, 2023.
             Was the Champion of Ru.
             Succumbed to poison (poison gas)
             ... on level 3 of the Swamp.
             The game lasted 00:42:33 (25044 turns).

jasper the Brawler (Troll Fighter)                 Turns: 25044, Time: 00:42:34

HP:   -12/145 (169) AC: 17    Str: 34    XL:     16   Next: 85%
MP:   15/15         EV:  7    Int:  4    God:    Ru [******]
Gold: 2935          SH: 22    Dex:  9    Spells: 15/15 levels left

rFire   x .          .
                       - Unarmed
rCold   + + .        Y - +2 tower shield
rNeg    . . .        s - +0 ice dragon scales
rPois   .            R - +2 hat
rElec   .            A - +0 cloak
rCorr   +            (gloves unavailable)
SInv    .            (boots unavailable)
Will    ++...        H - amulet of reflection Stlth
                     q - ring of willpower
HPRegen 1.24/turn    u - ring of resist corrosion
MPRegen 0.14/turn

%: reflection
@: lethally poisoned (-12 -> -46), heavily drained
A: large, unfitting armour, claws 3, regeneration 1, shaggy fur 1, tough skin 1,
inability to read after injury 2, no stealth, inability to use devices, hated by
all, no fire magic, no hexes magic, no translocations magic
a: Renounce Religion, Draw Out Power, Power Leap, Apocalypse


You were on level 3 of the Swamp.
You worshipped Ru.
Ru was exalted by your worship.
You visited 4 branches of the dungeon, and saw 26 of its levels.

You collected 2935 gold pieces.

Inventory:

Missiles
 n - 156 stones
 r - 7 large rocks
 G - 3 javelins
 J - 9 poisoned darts
 O - 10 atropa-tipped darts
 P - 19 boomerangs (quivered)
 S - a curare-tipped dart
 U - 7 silver boomerangs
 V - 3 throwing nets
Armour
 a - a +0 troll leather armour
 b - a +0 kite shield
 s - +0 ice dragon scales (worn)
 A - a +0 cloak (worn)
 D - a +0 kite shield of fire resistance
 E - a +0 cloak
 Q - a +2 robe of willpower
 R - a +2 hat (worn)
 Y - a +2 tower shield (worn)
Jewellery
 d - a ring of wizardry
 f - a +5 ring of evasion
 q - a ring of willpower (left claw)
 u - a ring of resist corrosion (right claw)
 H - an amulet of reflection (around neck)
 I - a ring of positive energy
 K - an amulet of regeneration
 M - a +5 ring of evasion
 W - a ring of see invisible
Scrolls
 e - 7 scrolls of identify {unknown}
 g - 2 scrolls of torment {unknown}
 k - 2 scrolls of amnesia {unknown}
 l - a scroll of fear {unknown}
 t - 2 scrolls of fog {unknown}
 v - a scroll of immolation {unknown}
 w - 2 scrolls of noise {unknown}
 x - a scroll of brand weapon {unknown}
 y - 4 scrolls of vulnerability {unknown}
 B - a scroll of teleportation {unknown}
 L - 2 scrolls of summoning {unknown}
 N - a scroll of blinking {unknown}
 T - a scroll of enchant weapon {unknown}
 X - 3 scrolls of enchant armour {unknown}
Potions
 c - 5 potions of curing {unknown}
 h - 3 potions of attraction {unknown}
 i - a potion of haste {unknown}
 j - 2 potions of flight {unknown}
 m - 2 potions of cancellation {unknown}
 o - 3 potions of heal wounds {unknown}
 p - 2 potions of lignification
 z - 2 potions of ambrosia {unknown}
 C - a potion of might
 F - 2 potions of invisibility {unknown}


   Skills:
 + Level 13.0 Fighting
 - Level 8.1 Throwing
 + Level 8.5 Armour
 - Level 2.4 Dodging
 + Level 11.2 Shields
 * Level 20.7 Unarmed Combat


You had 15 spell levels left.
You didn't know any spells.
Your spell library contained the following spells:

 Spells                   Type           Power      Damage    Failure   Level
 Freeze                   Ice            0%         1d3       95%         1
 Magic Dart               Conj           0%         1d3       95%         1
 Sandblast                Erth           0%         2d4       95%         1
 Passwall                 Tmut/Erth      0%         N/A       99%         2
 Searing Ray              Conj           0%         2d4       99%         2
 Frozen Ramparts          Ice            0%         1d1       100%        3
 Hailstorm                Conj/Ice       0%         3d3       100%        3
 Mephitic Cloud           Conj/Pois/Air  0%         N/A       100%        3
 Stone Arrow              Conj/Erth      0%         3d7       100%        3
 Agony                    Necr           0%         N/A       100%        5
 Lee's Rapid Deconstruct  Erth           0%         3d4*      100%        5
 Iron Shot                Conj/Erth      0%         9d1       100%        6
 Statue Form              Tmut/Erth      0%         N/A       100%        6
 Call Imp                 Summ           Unusable   N/A       N/A         2
 Dazzling Flash           Conj/Hex       Unusable   N/A       N/A         3
 Anguish                  Hex/Necr       Unusable   N/A       N/A         4
 Cause Fear               Hex            Unusable   N/A       N/A         4
 Fulminant Prism          Conj/Hex       Unusable   3d5       N/A         4
 Leda's Liquefaction      Hex/Erth       Unusable   N/A       N/A         4
 Silence                  Hex/Air        Unusable   N/A       N/A         5
 Enfeeble                 Hex            Unusable   N/A       N/A         7

Dungeon Overview and Level Annotations

Branches:
Dungeon (15/15)            Temple (0/1) D:6            Lair (5/5) D:8
  Swamp (4/4) Lair:3       Spider (0/4) Lair:2        Slime (0/5) Lair:5
    Orc (2/2) D:11            Elf (0/3) Orc:2        Vaults (0/5) D:13
 Depths (0/4) D:15

Altars:
Cheibriados
Gozag
Nemelex Xobeh
Okawaru
Ru
Trog
Wu Jian
Xom

Shops:
D:2 !   D:11 (   Orc:1 [   Orc:2 (*?*


Innate Abilities, Weirdness & Mutations

You are too large for most types of armour.
You have claws for hands.
Your natural rate of healing is unusually fast.
You are covered in fur. (AC +1)
You have tough skin. (AC +1)
You sometimes lose the ability to read scrolls when taking damage.
You cannot be stealthy.
You cannot study or use magical devices.
You are hated by all.
You cannot study or cast Fire magic.
You cannot study or cast Hexes magic.
You cannot study or cast Translocations magic.


Message History

You feel extremely sick.
The swamp dragon breathes poison at you.
The blast of poison engulfs you!
You are more poisoned.
You take 21 damage, and have 73/143 hp.
Throw: 9 large rocks
Press: ? - help, Shift-Dir - straight line, f/p - swamp dragon
Aim: a swamp dragon (poison gas, almost dead, blind, catching its breath, 76% to hit)
You throw a large rock.
The large rock hits the swamp dragon but does no damage.
The swamp dragon is almost dead.
You hear a splash.
You are engulfed in poison gas.
You are more poisoned.
You feel extremely sick.
You take 25 damage, and have 48/143 hp.
You are too injured to fight recklessly!
Throw: 8 large rocks
Press: ? - help, Shift-Dir - straight line, f/p - swamp dragon
Aim: a swamp dragon (almost dead, blind, catching its breath, 76% to hit)
You throw a large rock. The large rock hits the swamp dragon!
You kill the swamp dragon!
You hear a splash.
The swamp dragon scales are intact enough to wear.
You hear a splash.
You are engulfed in poison gas.
You are more poisoned.
You feel threatened and lose the ability to read scrolls!
* * * LOW HITPOINT WARNING * * *
x2 You feel extremely sick.
A spriggan rider comes into view. It is wielding a +0 spear.
You take 27 damage, and have 21/145 hp.
You are engulfed in poison gas.
You are more poisoned.
* * * LOW HITPOINT WARNING * * *
x2 You feel extremely sick.
The spriggan rider shouts!
You climb upwards.
You can read scrolls again.
You die...

♣♣.~~~~~.~~~~.~...♣♣♣♣♣♣~.♣♣.)§
♣~~~~~~~~~..~~~~~~.♣ ♣..♣♣~>)
♣♣♣.~~~~.~~.~.~~~~~~~♣ ♣♣.~.♣~..
~♣♣.~~~~.♣♣♣~.~~~~~~~♣ ♣♣..~~.♣~.
♣.~...~~♣♣ ♣.)~~.....♣♣♣.~~.~~♣♣♣
~...~~~.♣ ♣♣~~~~♣♣...~.~§~~~.....
.~~...♣♣♣ ♣<)[..~.~.♣♣.~~~~~~..~§
~§~...♣♣♣♣♣♣♣).†~.~.♣♣..~~~~~~~~~
§~~...~♣♣..~~.)[@..~♣.~.~~~~~~~~~
.....~.♣.~~..~~÷[♣.~.~~~~~~§~~~~.
♣♣♣♣.~~~.~§~~~~~.♣♣~~~~~~~§§..~~.
♣ ♣..~.§~~~~~~..~§♣♣.~~..~~....~
♣♣.~.§~~~~~..~♣..♣~~...~..~~~.
♣♣♣~~~~.~~.~~~~~~~~..~♣....~~~~~
♣.~~~~~...~~.~~~~~~~..♣♣..§~...~
♣♣.~~~~~.♣♣♣♣~.~~~~~~~♣♣♣~.~~~..~
♣~...~~~.♣♣♣♣♣~.~§~~~.~♣♣♣.~~~...


There were no monsters in sight!

Vanquished Creatures
  Mlioglotl (Swamp:3)
  2 thorn hunters (Swamp:2)
  Kirke (D:14)
  Louise (Swamp:4)
  The ghost of browni3141 the Marksmeteoran, a journeyman MeHs of Okawaru (Lair:5)
  2 stone giants
  3 eleionomae
  8 bunyips
  A fire dragon (D:15)
  Josephine (D:11)
  The ghost of becking the Severer, a journeyman MiMo of Okawaru (D:9)
  15 hydras
  A yaktaur captain (D:10)
  An ice dragon (D:10)
  Harold (D:11)
  2 catoblepae
  An ogre mage (Orc:1)
  Erica (D:8)
  3 alligators
  An anaconda (shapeshifter) (D:13)
  15 two-headed ogres
  3 boulder beetles
  5 centaur warriors
  5 death yaks (Lair:5)
  2 orc high priests
  7 tengu warriors
  Nergalle (Lair:2)
  2 goliath frogs (Swamp:1)
  7 skeletal warriors
  4 spriggan druids
  6 bog bodies
  8 swamp dragons
  2 deep elf archers (D:10)
  3 lindwurms
  A lindwurm (shapeshifter) (D:10)
  5 orc knights
  4 orc sorcerers (Orc:2)
  4 deep elf pyromancers
  A wolf spider zombie (D:12)
  8 ugly things
  2 cyclopes
  3 will-o-the-wisps
  2 manticores
  6 elephants (Lair:4)
  3 black mambas
  5 cane toads
  3 torpor snails
  6 centaur zombies (D:12)
  A gargoyle (D:10)
  A kobold demonologist (D:11)
  3 rime drakes
  9 komodo dragons
  A rime drake (shapeshifter) (D:13)
  2 efreet
  An unseen horror (D:13)
  A yaktaur (shapeshifter) (D:10)
  3 tengu conjurers
  A meliai (shapeshifter) (D:13)
  13 trolls
  5 tyrant leeches
  11 hornets
  14 polar bears
  A meliai zombie (D:12)
  6 slime creatures (D:12)
  24 blink frogs
  A raiju (Lair:5)
  5 dream sheep (Lair:4)
  A culicivora (shapeshifter) (D:13)
  Sigmund (D:4)
  3 shadows (D:12)
  A ynoxinul (D:9)
  13 wraiths
  2 wyverns (Lair:5)
  55 yaks
  2 humans (D:14)
  14 spriggans
  5 vampires (D:12)
  3 basilisks
  A hog (D:14)
  3 steam dragons
  A redback (Lair:2)
  11 swamp worms
  11 wargs
  9 water moccasins
  Duvessa (D:4)
  2 acid dragons
  14 hell hounds (Lair:5)
  4 swamp drakes
  14 black bears
  20 orc warriors
  2 ice beasts
  21 wolves
  8 centaurs
  2 ogres
  A boggart (Lair:5)
  3 phantoms (D:5)
  3 kobold brigands
  8 bullfrogs
  A gnoll sergeant (D:12)
  3 scorpions
  8 wights (D:7)
  Dowan (D:4)
  18 killer bees
  An electric eel (Lair:2)
  A lava snake (D:8)
  3 hounds
  29 orc priests
  A jelly (D:6)
  47 orc wizards
  A boggart zombie (D:12)
  An iguana (D:7)
  6 gnolls
  8 adders
  A shadow imp (D:7)
  2 white imps (D:7)
  4 worms
  A dart slug (D:4)
  77 orcs
  An endoplasm (D:1)
  3 giant cockroaches
  9 goblins
  8 hobgoblins
  10 kobolds
  3 quokkas
  9 ball pythons
  6 bats
  3 frilled lizards
  A rat (D:2)
780 creatures vanquished.

Vanquished Creatures (others)
  2 hydras (Swamp:3)
  An alligator (Swamp:1)
  A lindwurm (Swamp:4)
  A manticore (D:13)
  2 tyrant leeches (Swamp:2)
  A blink frog (Lair:3)
  2 wolves (Lair:5)
  An orc wizard (D:11)
  4 foxfires
15 creatures vanquished.

Grand Total: 795 creatures vanquished

Notes
Turn   | Place    | Note
-------+----------+-------------------------------------------
     0 | D:1      | jasper the Troll Fighter began the quest for the Orb.
     0 | D:1      | Reached XP level 1. HP: 22/22 MP: 0/0
   163 | D:1      | Reached XP level 2. HP: 29/29 MP: 1/1
   293 | D:1      | You fall into a shaft and drop 1 floor!
   804 | D:2      | Reached XP level 3. HP: 36/36 MP: 2/2
   844 | D:2      | Reached skill level 3 in Unarmed Combat
   907 | D:2      | Found a hazy altar of Hepliaklqana.
  1298 | D:2      | Reached XP level 4. HP: 39/44 MP: 3/3
  1346 | D:2      | Found Gucocybb's Distillery.
  1805 | D:3      | Reached skill level 4 in Unarmed Combat
  1805 | D:3      | Reached XP level 5. HP: 48/53 MP: 4/4
  2200 | D:3      | Found an opulent altar of Gozag.
  2203 | D:3      | Found a snail-covered altar of Cheibriados.
  2885 | D:4      | Reached XP level 6. HP: 10/61 MP: 5/5
  3040 | D:4      | Noticed Sigmund
  3054 | D:4      | Killed Sigmund
  3055 | D:4      | Reached skill level 5 in Unarmed Combat
  3074 | D:4      | Noticed Dowan
  3075 | D:4      | Noticed Duvessa
  3094 | D:4      | Killed Duvessa
  3095 | D:4      | Reached XP level 7. HP: 42/68 MP: 6/6
  3112 | D:4      | Killed Dowan
  3243 | D:5      | Entered Level 5 of the Dungeon
  3311 | D:5      | Found a sacrificial altar of Ru.
  3313 | D:5      | Found a shimmering altar of Xom.
  3324 | D:5      | Became a worshipper of Ru the Awakened
  3408 | D:5      | Reached skill level 6 in Unarmed Combat
  3574 | D:5      | Reached XP level 8. HP: 63/79 MP: 7/7
  3593 | D:5      | Reached skill level 5 in Shields
  3668 | D:5      | Reached skill level 7 in Unarmed Combat
  3772 | D:5      | Reached skill level 5 in Fighting
  3963 | D:5      | Found a sparkling altar of Nemelex Xobeh.
  4306 | D:6      | Reached skill level 8 in Unarmed Combat
  4592 | D:6      | Gained mutation: You cannot study or use magical devices.
                  | [Ru sacrifice]
  4592 | D:6      | Reached * piety under Ru
  4592 | D:6      | Reached ** piety under Ru
  4688 | D:6      | Reached XP level 9. HP: 74/88 MP: 8/8
  4801 | D:6      | Found a staircase to the Ecumenical Temple.
  5174 | D:7      | Reached skill level 9 in Unarmed Combat
  6001 | D:8      | Reached skill level 10 in Unarmed Combat
  6100 | D:8      | Reached XP level 10. HP: 80/100 MP: 9/9
  6126 | D:8      | Noticed Erica
  6146 | D:8      | Killed Erica
  6241 | D:8      | Reached skill level 11 in Unarmed Combat
  6663 | D:8      | Found a staircase to the Lair.
  6839 | D:8      | Gained mutation: You are hated by all. [Ru sacrifice]
  6839 | D:8      | Reached *** piety under Ru
  7002 | D:9      | Reached skill level 12 in Unarmed Combat
  7047 | D:9      | Noticed becking's ghost (journeyman MiMo)
  7085 | D:9      | Noticed a two-headed ogre
  7236 | D:9      | Reached XP level 11. HP: 104/105 MP: 10/10
  7281 | D:9      | Found a runed translucent door.
  7298 | D:9      | Noticed a two-headed ogre
  7310 | D:9      | Killed a two-headed ogre
  7318 | D:9      | Killed a two-headed ogre
  7506 | D:9      | Reached skill level 1 in Throwing
  7614 | D:9      | Noticed a two-headed ogre
  7623 | D:9      | Killed a two-headed ogre
  7901 | D:9      | Found a bloodstained altar of Trog.
  8068 | D:10     | Entered Level 10 of the Dungeon
  8072 | D:10     | Found an ornate altar of the Wu Jian Council.
  8215 | D:10     | Reached skill level 5 in Throwing
  9135 | D:10     | Noticed an orc high priest
  9135 | D:10     | Noticed a stone giant
  9135 | D:10     | Noticed a deep elf archer
  9136 | D:10     | Found a runed translucent door.
  9138 | D:10     | Noticed a yaktaur captain
  9138 | D:10     | Noticed an ice dragon
  9138 | D:10     | Identified the staff of air "Leuf" {rElec Stlth+}
  9138 | D:10     | Noticed a deep elf archer
  9192 | D:11     | Noticed a two-headed ogre
  9202 | D:11     | Killed a two-headed ogre
  9275 | D:11     | Noticed a two-headed ogre
  9291 | D:11     | Killed a two-headed ogre
  9510 | D:11     | Noticed a two-headed ogre
  9514 | D:11     | Killed a two-headed ogre
  9560 | D:11     | Gained mutation: You cannot be stealthy. [Ru sacrifice]
  9560 | D:11     | Reached **** piety under Ru
  9623 | D:11     | Reached XP level 12. HP: 119/119 MP: 11/11
  9666 | D:11     | Found a staircase to the Orcish Mines.
  9708 | D:11     | Found Wyevephe's Weapon Emporium.
  9961 | D:11     | Noticed Harold
  9975 | D:11     | Killed Harold
 10060 | D:11     | Reached skill level 13 in Unarmed Combat
 10420 | Lair:1   | Entered Level 1 of the Lair of Beasts
 10543 | Lair:1   | Noticed a catoblepas
 10561 | Lair:1   | Killed a catoblepas
 11179 | Lair:2   | You fall into a shaft and drop 1 floor!
 11235 | Lair:3   | Gained mutation: You occasionally lose the ability to read
                  | scrolls when taking damage. [Ru sacrifice]
 11235 | Lair:3   | Gained mutation: You sometimes lose the ability to read
                  | scrolls when taking damage. [Ru sacrifice]
 11235 | Lair:3   | Reached ***** piety under Ru
 11258 | Lair:3   | Noticed a six-headed hydra
 11266 | Lair:3   | Killed an eight-headed hydra
 11267 | Lair:3   | Reached skill level 14 in Unarmed Combat
 11369 | Lair:3   | Found a staircase to the Swamp.
 11591 | Lair:3   | Found a sacrificial altar of Ru.
 12071 | Lair:4   | Reached XP level 13. HP: 128/131 MP: 12/12
 12109 | Lair:4   | Found the +5 Lochaber axe {reach-cleave, Poleaxe Drain}
 12149 | Lair:4   | Reached skill level 10 in Shields
 12374 | Lair:4   | Reached skill level 15 in Unarmed Combat
 12491 | Lair:4   | Identified the +5 mace of Intimidation {freeze, Int+2}
 12995 | Orc:1    | Entered Level 1 of the Orcish Mines
 12995 | Orc:1    | Noticed Josephine
 12995 | Orc:1    | Found Yxta's Armour Shop.
 13012 | D:11     | Killed Josephine
 13157 | Orc:1    | Gained mutation: You cannot study or cast Fire magic. [Ru
                  | sacrifice]
 13157 | Orc:1    | Gained mutation: You cannot study or cast Hexes magic. [Ru
                  | sacrifice]
 13157 | Orc:1    | Gained mutation: You cannot study or cast Translocations
                  | magic. [Ru sacrifice]
 13157 | Orc:1    | Reached ****** piety under Ru
 13808 | Orc:2    | Entered Level 2 of the Orcish Mines
 13809 | Orc:2    | Found an iron altar of Okawaru.
 14102 | Orc:2    | Reached skill level 10 in Fighting
 14380 | Orc:2    | Reached skill level 16 in Unarmed Combat
 14523 | Orc:2    | Reached skill level 1 in Armour
 14730 | Orc:2    | Found Nocotall's General Store.
 14731 | Orc:2    | Found Tare's General Store.
 14732 | Orc:2    | Found Dilojerr's Magic Scroll Boutique.
 14736 | Orc:2    | Found Rayhaloec's Antique Weapon Shop.
 14844 | Orc:2    | Found a staircase to the Elven Halls.
 15071 | Lair:5   | Entered Level 5 of the Lair of Beasts
 15104 | Lair:5   | Reached XP level 14. HP: 98/132 MP: 13/13
 15267 | Lair:5   | Found a runed translucent door.
 15270 | Lair:5   | Noticed browni3141's ghost (journeyman MeHs)
 15271 | Lair:5   | Identified the +9 trident of the Lusting Gods {freeze,
                  | Will+ Str+3}
 15472 | Lair:5   | Found a staircase to the Slime Pits.
 15767 | Lair:5   | Identified the +9 rapier of Kismet {flame, Str+4 Dex-5}
 15874 | Lair:5   | Reached skill level 17 in Unarmed Combat
 16383 | Lair:5   | Killed browni3141's ghost
 16611 | D:9      | Killed becking's ghost
 16623 | D:9      | Got Xutoang's Commentary on the Volcano
 16709 | D:10     | Killed a stone giant
 17218 | D:12     | Reached skill level 5 in Armour
 17218 | D:12     | Reached skill level 18 in Unarmed Combat
 17218 | D:12     | Reached XP level 15. HP: 139/148 MP: 14/14
 17787 | D:13     | Found a gate to the Vaults.
 18334 | D:14     | Noticed Kirke
 18344 | D:14     | Killed Kirke
 19027 | D:15     | Entered Level 15 of the Dungeon
 19041 | D:15     | Reached skill level 19 in Unarmed Combat
 19783 | D:15     | Found a staircase to the Depths.
 20169 | Lair:2   | Noticed Nergalle
 20175 | Lair:2   | Killed Nergalle
 20209 | Lair:2   | Found a hole to the Spider Nest.
 21223 | Swamp:1  | Entered Level 1 of the Swamp
 21255 | Lair:3   | Reached XP level 16. HP: 164/165 MP: 15/15
 21372 | Swamp:1  | Paralysed by a hornet for 1 turns
 21378 | Lair:3   | Paralysed by a hornet for 1 turns
 22915 | Swamp:2  | Noticed a thorn hunter
 22923 | Swamp:2  | Killed a thorn hunter
 22928 | Swamp:2  | Reached skill level 20 in Unarmed Combat
 23713 | Swamp:3  | Noticed a thorn hunter
 23731 | Swamp:2  | Killed a thorn hunter
 24129 | Swamp:3  | Noticed Mlioglotl
 24137 | Swamp:3  | Killed Mlioglotl
 24314 | Swamp:4  | Entered Level 4 of the Swamp
 24314 | Swamp:4  | Noticed Louise
 24316 | Swamp:4  | Killed Louise
 25043 | Swamp:4  | HP: 1/145 [poison (poison gas)]
 25044 | Swamp:3  | Succumbed to poison (poison gas)

Illustrated notes

Levels and vault maps discovered:
D:1:      scummos_arrival_simple_crosswalls, layout_basic
D:2:      minmay_recursive_quarters, layout_basic, serial_co_window_serial,
          co_window_paths_a, co_window_of_opportunity_a, co_window_paths_a,
          co_window_paths_a, co_window_paths_b, co_window_paths_a,
          co_window_paths_a, co_window_paths_c, co_window_paths_c,
          co_window_of_opportunity_b, co_window_paths_c,
          co_window_unsneaky_path_b, co_window_of_opportunity_c,
          co_window_4corner_a, co_window_paths_e, glass_columns_a,
          glass_columns_c, glass_columns_a, glass_columns_a, glass_columns_a,
          serial_shops, shop, basic_altar
D:3:      layout_loops_ring, jmf_multi_god_temple
D:4:      layout_cave_pods, nicolae_figureground_sparkle, uniq_duvessa,
          uniq_sigmund
D:5:      layout_loops_ring, marbit_many_paths,
          chequers_temple_overflow_statue_of_worship, kennysheep_generic_room_7
D:6:      layout_basic, minmay_temple_entry_antechambers
D:7:      layout_basic
D:8:      layout_loops_ring, grunt_lair_entry_orc_guard_hut,
          kennysheep_generic_room_2, uniq_erica
D:9:      layout_loops_ring, lightli_temple_of_fire, hellmonk_ghost_big_iron
D:10:     minmay_gate_of_8, layout_layer_cave, minitemple
D:11:     layout_loops_ring, orc_david_3, minivault_16, palyth_stone_intersect,
          uniq_harold
D:12:     layout_long_grid, serial_undead, serial_undead_f, serial_undead_d,
          serial_undead_f, serial_undead_d, serial_undead_a, serial_undead_a
D:13:     layout_basic, david_vaults_2
D:14:     layout_basic, minivault_23, minmay_circle_x, uniq_kirke
D:15:     grunt_enter_depths_snipers, layout_irregular_city,
          minmay_misc_feat_iff, gauntlet_entry_generic
Lair:1:   layout_hall_layers
Lair:2:   layout_layer_cave, spider_nest_entry_webs, serial_bayou_shore_a,
          grunt_megastairs_5, uniq_nergalle
Lair:3:   layout_chaotic_city, skrybe_swamp_entry_bodies, basic_altar,
          grunt_megastairs_1
Lair:4:   layout_loops_ring
Lair:5:   hangedman_lair_caniforms_friends, layout_loops_ring, slime_entry_1,
          ebering_ghost_funeral_grove, chequers_serial_rivers_small_a
Swamp:1:  layout_basic_swamp, serial_swamp_ruin, evilmike_swamp_ruin_rubble_1,
          hangedman_swamp_ruin_hall, evilmike_swamp_ruin_rubble_2
Swamp:2:  layout_basic_swamp, hangedman_swamp_ruin_wall,
          infiniplex_staircase_pool
Swamp:3:  layout_basic_swamp, evilmike_swamp_ruin_house_3, swamp_pool1,
          infiniplex_staircase_pool_2, uniq_mlioglotl
Swamp:4:  swamp_alternative, layout_basic_swamp, swamp_pool1, uniq_louise
Orc:1:    layout_caves, serial_shops, nicolae_shop_tiny_glass, mines2_lemuel,
          uniq_josephine
Orc:2:    st_orc_mages, layout_diamond_mine, okawaru_metal_pillars_1_2

Skill      XL: |  1  2  3  4  5  6  7  8  9 10 11 12 13 14 15 16 |
---------------+-------------------------------------------------+-----
Shields        | 3 4 5 7 8 9 11 | 11.2
Unarmed Combat | 3 4 5 6 8 10 12 14 16 18 19 20 | 20.7
Fighting       | 3 4 5 6 7 9 10 11 12 13 | 13.0
Throwing       | 8 |  8.1
Armour         | 1 5 7 8 |  8.5
Dodging        | |  2.4

Action                     |  1- 3 |  4- 6 |  7- 9 | 10-12 | 13-15 | 16-18 || total
---------------------------+-------+-------+-------+-------+-------+-------++-------
  Melee: Unarmed           |    75 |   132 |   273 |   534 |  1061 |   223 ||  2298
  Throw: Dart              |       |     9 |     6 |    57 |    89 |    41 ||   202
         Javelin           |       |       |       |     2 |       |       ||     2
         Boomerang         |       |       |       |    89 |     6 |   107 ||   202
         Throwing net      |       |       |       |     3 |       |       ||     3
         Large rock        |       |       |       |       |     9 |    32 ||    41
         Stone             |       |       |       |       |       |     2 ||     2
 Invoke: Sacrifice Artific |       |       |     1 |       |       |       ||     1
         Draw Out Power    |       |       |       |     1 |       |       ||     1
         Sacrifice Love    |       |       |       |     1 |       |       ||     1
         Sacrifice Stealth |       |       |       |     1 |       |       ||     1
         Apocalypse        |       |       |       |     1 |    12 |     5 ||    18
         Power Leap        |       |       |       |     1 |       |       ||     1
         Sacrifice Words   |       |       |       |     1 |       |       ||     1
         Sacrifice Arcana  |       |       |       |       |     1 |       ||     1
   Stab: Invisible         |       |       |     1 |     7 |     8 |     5 ||    21
         Distracted        |       |       |     1 |     1 |     3 |     2 ||     7
         Petrified         |       |       |       |     4 |       |       ||     4
         Paralysed         |       |       |       |     2 |    23 |     5 ||    30
 Armour: Robe              |    20 |    34 |    50 |    68 |    30 |       ||   202
         Troll leather arm |       |       |       |       |    66 |       ||    66
         Ice dragon scales |       |       |       |       |   139 |   105 ||   244
  Dodge: Dodged            |    26 |    48 |    72 |   137 |   391 |    73 ||   747
  Block: Kite shield       |    26 |    35 |    91 |   177 |   456 |   109 ||   894
         Tower shield      |       |       |       |       |       |    76 ||    76
         Reflection        |       |       |       |       |       |    10 ||    10
